 Dungeon Crawl Stone Soup version 0.30-a0-422-g946f4849ff (webtiles) character file.

Game seed: 14400122029549156358

86 McMuffin the Trooper (level 4, -5/41 HPs)
             Began as a Hill Orc Fighter on Dec 8, 2022.
             Slain by Sigmund
             ... wielding a +2 scythe of venom
              (7 damage)
             ... on level 4 of the Dungeon.
             The game lasted 00:05:16 (659 turns).

McMuffin the Trooper (Hill Orc Fighter)              Turns: 659, Time: 00:05:19

Health: -5/41      AC: 11    Str: 20    XL:     4   Next: 50%
Magic:  4/4        EV:  5    Int:  8    God:
Gold:   68         SH:  0    Dex: 10    Spells: 3/3 levels left

rFire   . . .      SeeInvis .    a - +0 war axe
rCold   . . .      Faith    .    c - +0 buckler
rNeg    . . .      Spirit   .    k - +0 plate armour
rPois   .          Reflect  .    (no helmet)
rElec   .          Harm     .    (no cloak)
rCorr   .          Rampage  .    (no gloves)
Will    .....                    (no boots)
Stlth   ..........               h - amulet of regeneration
HPRegen 1.06/turn                (no ring)
MPRegen 0.09/turn                (no ring)

@: confused, lethally poisoned (-5 -> -8), ambrosia-drunk
A: no striking features
a: no special abilities


You were on level 4 of the Dungeon.
You visited 1 branch of the dungeon, and saw 4 of its levels.

You collected 68 gold pieces.

Inventory:

Hand Weapons
 a - a +0 war axe (weapon)
Armour
 b - a +0 scale mail
 c - a +0 buckler (worn)
 k - a +0 plate armour (worn)
Jewellery
 h - an amulet of regeneration (around neck)
Wands
 m - a wand of paralysis (10)
Scrolls
 e - a scroll of magic mapping {unknown}
 f - a scroll of amnesia {unknown}
 j - a scroll of acquirement {unknown}
 n - a scroll of enchant weapon {unknown}
Potions
 d - a potion of might
 g - 2 potions of invisibility {unknown}
 i - a potion of ambrosia
 l - a potion of brilliance {unknown}


   Skills:
 + Level 4.4 Fighting
 + Level 3.9 Axes
 + Level 4.0 Armour
 + Level 0.1 Dodging
 + Level 3.8 Shields


You had 3 spell levels left.
You didn't know any spells.
Your spell library was empty.

Dungeon Overview and Level Annotations

Branches:
Dungeon (4/15)
 Temple: D:4-7

Altars:

Annotations:
D:4 Sigmund


Message History

The puff of flame misses you.
You hit Sigmund.
Sigmund is lightly wounded.
You feel sick.
Sigmund hits you with a +2 scythe of venom!
You are more poisoned.
You hit Sigmund.
Sigmund is moderately wounded.
You feel very sick.
Sigmund hits you with a +2 scythe of venom.
You are more poisoned.
You completely miss Sigmund.
Sigmund is moderately wounded.
You feel very sick.
Sigmund hits you with a +2 scythe of venom.
You hit Sigmund.
Sigmund is moderately wounded.
You feel very sick. Sigmund hits you but does no damage.
You closely miss Sigmund.
Sigmund is moderately wounded.
You feel very sick.
You completely miss Sigmund.
Sigmund is moderately wounded.
You feel sick. Sigmund gestures at you while chanting.
You are confused.
Sigmund hits you with a +2 scythe of venom!
* * * LOW HITPOINT WARNING * * *
You are lethally poisoned!
You bump into the broken pillar.
* * * LOW HITPOINT WARNING * * *
You feel very sick.
It was a potion of ambrosia.
You are more confused.
You feel invigorated.
* * * LOW HITPOINT WARNING * * *
You feel very sick.
Sigmund hits you with a +2 scythe of venom!
You die...

#...... #..
##....... ...
........ ..# #......
## #.# #..... ##.
#.# #.8.#
####..###.# #..@# #
#.......#.####.8@#.#
#...8.8.#..........#
.........#####.8.###
..8.8.8..# #...#
.........# #.8.#
..8.8.8..# #....#
.........# #.8...#
.........# ....#...
........># #....#...


You could see Sigmund.

Vanquished Creatures
  A scorpion (D:3)
  A dart slug (D:2)
  An orc (D:3)
  4 ball pythons
  A bat (D:3)
  5 endoplasms (D:1)
  2 giant cockroaches (D:2)
  4 goblins
  A hobgoblin (D:4)
  A kobold (D:4)
  A rat (D:1)
22 creatures vanquished.

Notes
Turn   | Place    | Note
-------+----------+-------------------------------------------
     0 | D:1      | McMuffin the Hill Orc Fighter began the quest for the Orb.
     0 | D:1      | Reached XP level 1. HP: 19/19 MP: 1/1
   245 | D:1      | Reached XP level 2. HP: 27/27 MP: 2/2
   499 | D:3      | Noticed a scorpion
   505 | D:3      | Killed a scorpion
   506 | D:3      | Reached XP level 3. HP: 34/34 MP: 3/3
   506 | D:3      | Reached XP level 4. HP: 41/41 MP: 4/4
   646 | D:4      | Noticed Sigmund
   658 | D:4      | HP: 1/41 [poisoned by Sigmund]
   659 | D:4      | Slain by Sigmund

Illustrated notes

Levels and vault maps discovered:
D:1:      ncdulo_watergridlock, layout_loops_cross, serial_aquarium,
          aquarium_bridge_straight [aquarium_subvault_bridge,
          aquarium_subvault_window, aquarium_subvault_bridge,
          aquarium_subvault_wall], aquarium_window_2, aquarium_window_2,
          aquarium_view_2f, aquarium_view_2d, aquarium_balcony_3b
D:2:      layout_basic, minmay_misc_feat_columns, item_on_display_b, uniq_robin
D:3:      layout_basic, mainiacjoe_overflow_tiny_flanked,
          nicolae_yredelemnul_corpse_copse
D:4:      layout_cave_pods, temple_hall, serial_shops, nicolae_shop_stone,
          serial_column_ruins, column_ruins_hut, column_ruins_grid_3,
          column_ruins_grid_3, column_ruins_columns_straight,
          column_ruins_columns_straight, column_ruins_grid_2, uniq_sigmund

Skill      XL: |  1  2  3  4 |
---------------+-------------+-----
Fighting       | 4 |  4.4
Axes           | 3 |  3.9
Armour         | 4 |  4.0
Dodging        | |  0.1
Shields        | |  3.8

Action                   |  1- 3 |  4- 6 || total
-------------------------+-------+-------++-------
Melee: War axe           |    34 |    22 ||    56
  Use: Potion            |       |     1 ||     1
Armor: Scale mail        |     5 |       ||     5
       Plate armour      |     4 |    10 ||    14
Dodge: Dodged            |    14 |     5 ||    19
Block: Buckler           |     8 |     5 ||    13

Table legend: (Time is in decaauts)
 A = Elapsed time spent in this place.
 B = Non-inter-level travel time spent in this place.
 C = Inter-level travel time spent in this place.
 D = Time resting spent in this place.
 E = Time spent auto-exploring this place.
 F = Levels seen in this place.
 G = Mean time per level.
                   A        B        C        D        E       F      G
               +--------+--------+--------+--------+--------+-----+--------+
         Total |    679 |    679 |      0 |      0 |      0 |   4 |  169.8 |
       Dungeon |    679 |    679 |      0 |      0 |      0 |   4 |  169.8 |
               +--------+--------+--------+--------+--------+-----+--------+

Top non-repeatable levels by time:
     D:1: 350 daAuts
     D:3: 138 daAuts
     D:2: 131 daAuts
     D:4: 58 daAuts
